 Dungeon Crawl Stone Soup version 0.21.1-1-g345015f (webtiles) character file.

146 Mirai the Chopper (level 5, -4/63 HPs)
             Began as a Demonspawn Berserker on Mar 2, 2018.
             Was a Believer of Trog.
             Slain by a worm (11 damage)
             ... on level 2 of the Dungeon.
             The game lasted 00:04:06 (1414 turns).

Mirai the Chopper (Demonspawn Berserker)            Turns: 1414, Time: 00:04:07

Health: -4/63      AC:  2    Str: 23    XL:     5   Next: 7%
Magic:  5/5        EV: 13    Int:  8    God:    Trog [**....]
Gold:   105        SH:  0    Dex: 13    Spells: 4/4 levels left

rFire    . . .     SeeInvis .   k - +0 hand axe
rCold    . . .     Gourm    .   (no shield)
rNeg     . . .     Faith    .   b - +0 animal skin
rPois    .         Spirit   .   (no helmet)
rElec    .         Reflect  .   (no cloak)
rCorr    .         Harm     .   (no gloves)
MR       .....                  (no boots)
Stlth    ..........             (no amulet)
HPRegen  0.20/turn              (no ring)
MPRegen  0.09/turn              (no ring)

@: berserking, very quick
A: claws 1, demonic guardian 1
a: Berserk, Trog's Hand, Burn Spellbooks, Renounce Religion


You were on level 2 of the Dungeon.
You worshipped Trog.
Trog was pleased with you.
You were near starving.

You visited 1 branch of the dungeon, and saw 2 of its levels.

You collected 105 gold pieces.

Inventory:

Hand Weapons
 k - a +0 hand axe (weapon)
Armour
 b - a +0 animal skin (worn)
 i - a +0 robe
 p - a +0 robe
 q - a +0 robe
 r - a +0 ring mail
Scrolls
 a - a scroll of random uselessness {unknown}
 d - a scroll of blinking {unknown}
 e - 2 scrolls of remove curse {unknown}
 g - 3 scrolls of identify {unknown}
 l - a scroll of immolation {unknown}
 n - a scroll of fear {unknown}
Potions
 f - a potion of lignification {unknown}
 h - a potion of haste {unknown}
 j - 2 potions of might {unknown}
 m - 2 potions of degeneration {unknown}
Comestibles
 c - 7 rations


   Skills:
 + Level 3.9 Fighting
 + Level 4.1 Axes
 + Level 1.9 Armour
 + Level 2.6 Dodging


You had 4 spell levels left.
You didn't know any spells.

Dungeon Overview and Level Annotations

Branches:
Dungeon (2/15)

Altars:


Innate Abilities, Weirdness & Mutations

You have sharp fingernails.
A weak demonic guardian rushes to your aid.


Message History

The gnoll is severely wounded.
The gnoll hits you with a whip!
You closely miss the gnoll.
The gnoll is severely wounded.
The gnoll hits you with a whip. The gnoll completely misses you.
A gnoll comes into view. It is wielding a spear.
The gnoll shouts!
You hit the gnoll.
The gnoll is almost dead.
The gnoll closely misses you.
You barely miss the gnoll.
The gnoll is severely wounded.
You hit the worm. The gnoll hits you with a whip!
A red film seems to cover your vision as you go berserk!
You feel yourself moving faster!
You feel mighty!
You are near starving!
The gnoll hits you with a whip!
* * * LOW HITPOINT WARNING * * *
The worm bites you!
You die...

.....###..........#......##.÷.P..
#...#+ ##...#.......(....##.÷...P
#...# ...............##÷.....
...# # #............##.P÷÷.P
....# #.##...........###......
... .......#.###...# #....÷.
...............# #######
.......w.......# .....#@g........
.......†).........
#.####.!....#..... ...........
#.g.....#... #...........
#..###...#.. ... .###


You could see a worm and 2 gnolls.

Vanquished Creatures
  2 jellies (D:2)
  7 oozes (D:2)
  2 dart slugs
  A leopard gecko (D:2)
  2 giant cockroaches
  2 goblins
  3 hobgoblins (D:1)
  4 jackals (D:2)
  A bat (D:2)
  A frilled lizard (D:2)
  8 kobolds
  4 rats
37 creatures vanquished.

Vanquished Creatures (collateral kills)
  A jelly (D:2)
  2 oozes (D:2)
3 creatures vanquished.

Vanquished Creatures (others)
  A fungus (D:2)
  7 toadstools (D:2)
8 creatures vanquished.

Grand Total: 48 creatures vanquished

Notes
Turn   | Place    | Note
-------+----------+-------------------------------------------
     0 | D:1      | Mirai the Demonspawn Berserker began the quest for the Orb.
     0 | D:1      | Reached XP level 1. HP: 18/18 MP: 1/1
   322 | D:1      | Gained mutation: You have sharp fingernails. [demonic ancestry]
   322 | D:1      | Reached XP level 2. HP: 23/24 MP: 2/2
   350 | D:1      | Reached skill level 3 in Axes
  1112 | D:2      | Reached ** piety under Trog
  1112 | D:2      | Reached XP level 3. HP: 19/29 MP: 3/3
  1129 | D:2      | Gained mutation: A weak demonic guardian rushes to your aid. [demonic ancestry]
  1129 | D:2      | Reached XP level 4. HP: 9/37 MP: 4/4
  1131 | D:2      | Reached skill level 4 in Axes
  1138 | D:2      | Reached XP level 5. HP: 5/42 MP: 5/5
  1414 | D:2      | Slain by a worm

Skill      XL: |  1  2  3  4 |
---------------+-------------+-----
Axes           | 3 4 |  4.1
Dodging        | 2 |  2.6
Fighting       | |  3.9
Armour         | |  1.9

Action                   |  1- 3 |  4- 6 || total
-------------------------+-------+-------++-------
Melee: Hand axe          |    74 |    20 ||    94
Invok: Berserk           |     2 |     1 ||     3
 Stab: Sleeping          |     1 |       ||     1
  Eat: Chunk             |     2 |     1 ||     3
Armor: Animal skin       |    10 |     5 ||    15
Dodge: Dodged            |    61 |    20 ||    81
